 Dungeon Crawl Stone Soup version 0.29-a0-451-gfbfa42419e (webtiles) character file.

Game seed: 11079496720692754945

233 bande the Covered (level 6, 0/38 HPs)
             Began as a Gargoyle Fighter on May 19, 2022.
             Was an Initiate of Okawaru.
             Slain by Pikel
             ... wielding a +1 whip of flaming
              (1 damage)
             ... on level 4 of the Dungeon.
             The game lasted 00:05:02 (2884 turns).

bande the Covered (Gargoyle Fighter)                Turns: 2884, Time: 00:05:02

Health: 0/38       AC: 13    Str: 24    XL:     6   Next: 5%
Magic:  15/15      EV: 10    Int: 14    God:    Okawaru [......]
Gold:   219        SH:  6    Dex: 15    Spells: 5/5 levels left

rFire   . . .      SeeInvis .   a - +1 war axe
rCold   . . .      Faith    .   c - +1 buckler
rNeg    + . .      Spirit   .   s - +2 ring mail "Qaxt" {Str+4 Dex+4}
rPois   ∞          Reflect  .   g - +0 helmet
rElec   +          Harm     .   (no cloak)
rCorr   .          Rampage  .   (no gloves)
Will    .....                   (no boots)
Stlth   +.........              k - amulet of regeneration
HPRegen 0.92/turn               n - +6 ring of intelligence
MPRegen 0.14/turn               p - ring of magical power

@: no status effects
A: sickness immunity, AC +4, negative energy resistance 1, electricity
resistance, torment resistance 1, petrification resistance
a: Renounce Religion


You were on level 4 of the Dungeon.
You worshipped Okawaru.
Okawaru was noncommittal.
You visited 2 branches of the dungeon, and saw 5 of its levels.

You collected 219 gold pieces.

Inventory:

Hand Weapons
 a - a +1 war axe (weapon)
 o - a +0 flail
Armour
 c - a +1 buckler (worn)
 g - a +0 helmet (worn)
 s - the +2 ring mail "Qaxt" (worn) {Str+4 Dex+4}
   (You found it on level 2 of the Dungeon)

   Str:       It affects your strength (+4).
   Dex:       It affects your dexterity (+4).
Jewellery
 i - an amulet of guardian spirit
 k - an amulet of regeneration (around neck)
 n - a +6 ring of intelligence (left hand)
 p - a ring of magical power (right hand)
Wands
 r - a wand of iceblast (11)
Scrolls
 h - a scroll of blinking
Potions
 b - 2 potions of flight
 d - 6 potions of might
 e - 2 potions of heal wounds
 f - a potion of mutation {unknown}
 l - 3 potions of curing
 m - a potion of resistance {unknown}


   Skills:
 + Level 4.2 Fighting
 + Level 3.6 Axes
 + Level 4.6 Armour
 - Level 0.2 Stealth
 + Level 3.7 Shields
 * Level 0.9 Invocations
 * Level 0.7 Evocations


You had 5 spell levels left.
You didn't know any spells.
Your spell library contained the following spells:

 Spells                   Type           Power      Damage    Failure   Level
 Foxfire                  Conj/Fire      0%         2x1d4     50%         1
 Conjure Flame            Conj/Fire      0%         6-21      86%         3
 Inner Flame              Hex/Fire       0%         N/A       86%         3
 Flame Wave               Conj/Fire      0%         2d4       99%         4


Dungeon Overview and Level Annotations

Branches:
Dungeon (4/15)             Temple (1/1) D:4

Altars:
Ashenzari
Cheibriados
Fedhas
Gozag
Hepliaklqana
Makhleb
Nemelex Xobeh
Okawaru
Qazlal
Sif Muna
Trog
Vehumet

Shops:
D:1 :

Annotations:
D:4 Pikel, Sigmund


Innate Abilities, Weirdness & Mutations

You are immune to sickness and miasma.
Your stone body is resilient. (AC +4)
You are immune to poison.
You resist negative energy. (rN+)
You are resistant to electric shocks. (rElec)
You are resistant to unholy torment.
You are immune to petrification.


Message History

You slash the lemure!
The lemure is moderately wounded.
You miss something. The lemure hits you but does no damage. Something hits you.
Something burns you.
You hit the lemure.
The lemure is heavily wounded.
You barely miss the lemure. You hit something. The lemure hits you.
Sigmund casts a spell.
Sigmund flickers and vanishes!
Something hits you but does no damage. The lemure hits you but does no damage.
Something hits you. Something burns you. The lemure barely misses you.
The lemure closely misses you.
Things that are here:
a scroll of enchant weapon; a quokka corpse; a hobgoblin corpse The lemure attacks as you move away!
The lemure hits you.
You hit the lemure but do no damage. The lemure hits you but does no damage.
You closely miss the lemure. You block the lemure's attack.
You hit the lemure.
The lemure is lightly wounded.
The lemure misses you. The lemure closely misses you.
You slash the lemure!
The lemure is moderately wounded.
The lemure hits you.
You slash the lemure!
The lemure is almost dead.
The lemure closely misses you.
You hit something. Something hits you but does no damage.
You miss something. Something hits you! Something burns you.
* * * LOW HITPOINT WARNING * * *
You miss something. Something completely misses you.
Unknown command.
You miss something. Something hits you!
* * * LOW HITPOINT WARNING * * *
Something burns you.
* * * LOW HITPOINT WARNING * * *
Something hits you but does no damage.
You barely miss something. Something hits you.
* * * LOW HITPOINT WARNING * * *
Something burns you.
You die...

###.....###....P.........#
................###......#
############.##.# #......#
#.##.###......#
############.............####
.........................>...
###############..#.##'##.####
## ##.#.....^.# #..
#@###...### #... #?# #...#
#.[..##5###...#
#....(o55......
####...{....... #.......#.##.
.........#.# ...........#
............#


You could see 3 lemures and an orc.

Vanquished Creatures
  A lemure (D:4)
  A bullfrog (D:4)
  A jelly (D:4)
  An orc wizard (D:3)
  4 gnolls (D:4)
  2 adders
  A worm (D:3)
  4 orcs (D:3)
  5 endoplasms
  4 giant cockroaches (D:1)
  3 goblins (D:3)
  3 hobgoblins (D:4)
  7 jackals
  A kobold (D:2)
  3 quokkas
  5 ball pythons
  2 bats
  3 frilled lizards
  4 rats
55 creatures vanquished.

Vanquished Creatures (others)
  2 plants (D:4)
2 creatures vanquished.

Grand Total: 57 creatures vanquished

Notes
Turn   | Place    | Note
-------+----------+-------------------------------------------
     0 | D:1      | bande the Gargoyle Fighter began the quest for the Orb.
     0 | D:1      | Reached XP level 1. HP: 14/14 MP: 1/1
   258 | D:1      | Found a faded altar of an unknown god.
   260 | D:1      | Reached XP level 2. HP: 19/19 MP: 2/2
   359 | D:1      | Found Ledeung's Book Shop.
  1121 | D:2      | Reached XP level 3. HP: 24/24 MP: 3/3
  1153 | D:2      | Identified the +2 ring mail "Qaxt" {Str+4 Dex+4}
  1361 | D:2      | Found a shimmering blue altar of Sif Muna.
  1948 | D:3      | Reached XP level 4. HP: 29/29 MP: 4/4
  2092 | D:3      | Found a snail-covered altar of Cheibriados.
  2406 | D:4      | Found a staircase to the Ecumenical Temple.
  2428 | D:4      | Reached XP level 5. HP: 20/33 MP: 5/5
  2491 | Temple   | Entered the Ecumenical Temple
  2666 | Temple   | Became a worshipper of Warmaster Okawaru
  2751 | D:4      | Found a broken altar of Ashenzari.
  2786 | D:4      | Reached XP level 6. HP: 38/38 MP: 6/6
  2862 | D:4      | Noticed Pikel
  2870 | D:4      | Noticed Sigmund
  2884 | D:4      | HP: 1/38 [something (2)]
  2884 | D:4      | Slain by Pikel

Illustrated notes

Levels and vault maps discovered:
D:1:      nzn_arrival_settlement, layout_basic,
          hellmonk_ecumenical_altar_dog_temple, serial_shops,
          nicolae_shop_statue_plus
D:2:      layout_rooms, basic_altar
D:3:      layout_loops_ring, amcnicky_altar_gilded, grunt_decor_clamped
D:4:      layout_basic, ashenzari_altar_1, zin_angel,
          grunt_temple_overflow_open, jmf_multi_god_temple2,
          minmay_temple_entry_overgrown, minmay_statues_item, uniq_sigmund,
          uniq_pikel
Temple:   grunt_temple_mini_profane

Skill      XL: |  1  2  3  4 |
---------------+-------------+-----
Axes           | 2 3 |  3.6
Armour         | 4 |  4.6
Fighting       | 4 |  4.2
Stealth        | |  0.2
Shields        | |  3.7
Invocations    | |  0.9
Evocations     | |  0.7

Action                   |  1- 3 |  4- 6 || total
-------------------------+-------+-------++-------
Melee: War axe           |   102 |    87 ||   189
  Use: Scroll            |    10 |     4 ||    14
Armor: Scale mail        |    43 |       ||    43
       Ring mail         |    17 |    45 ||    62
Dodge: Dodged            |    54 |    49 ||   103
Block: Buckler           |    22 |    24 ||    46

Table legend: (Time is in decaauts)
 A = Elapsed time spent in this place.
 B = Non-inter-level travel time spent in this place.
 C = Inter-level travel time spent in this place.
 D = Time resting spent in this place.
 E = Time spent auto-exploring this place.
 F = Levels seen in this place.
 G = Mean time per level.
                   A        B        C        D        E       F      G
               +--------+--------+--------+--------+--------+-----+--------+
         Total |   2960 |   2853 |    107 |    200 |   2023 |   5 |  592.0 |
       Dungeon |   2740 |   2675 |     65 |    200 |   1854 |   4 |  685.0 |
        Temple |    219 |    177 |     42 |      0 |    169 |   1 |  219.0 |
               +--------+--------+--------+--------+--------+-----+--------+

Top non-repeatable levels by time:
     D:3: 1020 daAuts
     D:1: 924 daAuts
     D:2: 520 daAuts
     D:4: 276 daAuts
  Temple: 219 daAuts
